 Dungeon Crawl Stone Soup version 0.30.0-5-g1a98f26d00 (webtiles) character file.

Game seed: 4946045724993179604

310 backslashecho the Chopper (level 6, 0/49 HPs)
             Began as a Human Cinder Acolyte on May 9, 2023.
             Was a High Priest of Ignis.
             Slain by an orc wizard
             ... wielding a +0 dagger
              (4 damage)
             ... on level 3 of the Dungeon.
             The game lasted 00:03:32 (2129 turns).

backslashecho the Chopper (Human Cinder Acolyte)    Turns: 2129, Time: 00:03:33

Health: 0/49       AC:  3    Str: 17    XL:     6   Next: 70%
Magic:  7/7        EV: 11    Int: 14    God:    Ignis [*****.]
Gold:   193        SH:  0    Dex:  8    Spells: 7/7 levels left

rFire   + . .        a - -1 hand axe (flame)
rCold   . . .        (no shield)
rNeg    . . .        b - +0 robe
rPois   .            g - +0 helmet
rElec   .            (no cloak)
rCorr   .            (no gloves)
SInv    .            (no boots)
Will    .....        (no amulet)
Stlth   +            (no ring)
HPRegen 0.28/turn    (no ring)
MPRegen 0.10/turn

%: no passive effects
@: confused, hasted, very quick
A: no striking features
a: Renounce Religion, Fiery Armour, Foxfire Swarm, Rising Flame


You were on level 3 of the Dungeon.
You worshipped Ignis.
Ignis was extremely pleased with you.
You visited 1 branch of the dungeon, and saw 3 of its levels.

You collected 193 gold pieces.

Inventory:

Hand Weapons
 a - a -1 hand axe of flaming (weapon)
Missiles
 c - 5 poisoned darts (quivered)
 i - a throwing net
Armour
 b - a +0 robe (worn)
 g - a +0 helmet (worn)
Scrolls
 e - 2 scrolls of identify
 j - a scroll of immolation {unknown}
 l - a scroll of noise {unknown}
 m - a scroll of enchant weapon {unknown}
Potions
 f - a potion of brilliance
 k - 2 potions of attraction


   Skills:
 + Level 4.6 Fighting
 * Level 5.9 Axes
 - Level 1.0 Unarmed Combat
 - Level 1.0 Spellcasting
 - Level 3.0 Fire Magic


You had 7 spell levels left.
You didn't know any spells.
Your spell library contained the following spells:

 Spells                   Type           Power      Damage    Failure   Level
 Scorch                   Fire           18%        2d6       12%         2


Dungeon Overview and Level Annotations

Branches:
Dungeon (3/15)

Altars:


Message History

You hit something. You burn something. You slash the orc! You burn the orc.
You kill the orc!
You hit something but do no damage. Something hits you.
You take 4 damage, and have 28/49 hp.
You slash the orc! You burn the orc.
You kill the orc!
You hit something but do no damage. Something hits you.
You take 1 damage, and have 27/49 hp.
You closely miss the orc. You miss something. Something hits you.
The orc hits you with a +0 hand axe.
You take 2 damage, and have 25/49 hp.
You closely miss the orc. You closely miss something.
You hear some strange, mumbled words.
A magic dart appears from out of thin air!
The magic dart hits you! The orc hits you with a +0 hand axe.
You take 9 damage, and have 16/49 hp.
You closely miss the orc. You completely miss something. Something hits you.
* * * LOW HITPOINT WARNING * * *
The orc barely misses you.
You take 2 damage, and have 14/49 hp.
You closely miss the orc. You closely miss something. Something hits you.
* * * LOW HITPOINT WARNING * * *
The orc barely misses you.
You take 3 damage, and have 11/49 hp.
Something hits you.
* * * LOW HITPOINT WARNING * * *
You take 2 damage, and have 9/49 hp.
Something hits you.
* * * LOW HITPOINT WARNING * * *
You hit something. You burn something. Something hits you.
* * * LOW HITPOINT WARNING * * *
You take 2 damage, and have 7/49 hp.
You feel better. Something hits you.
* * * LOW HITPOINT WARNING * * *
You regained 5 hp, and now have 12/49 hp.
You closely miss something.
You hear some strange, mumbled words.
A puff of flame appears from out of thin air!
The puff of flame hits you. You resist.
* * * LOW HITPOINT WARNING * * *
You take 4 damage, and have 8/49 hp.
You closely miss something.
You hear some strange, mumbled words.
You are confused.
It was a potion of haste.
You feel yourself speed up. Something hits you.
* * * LOW HITPOINT WARNING * * *
You take 4 damage, and have 4/49 hp.
You miss something. Something hits you.
You die... .#..# # PP .... #.##.#.# # ♣~..~P. ..##.#.# ##.## # ≈♣~~~~. #.##.#.# #...# # PP~P♣~~ #.##.#.# #...# # ..PPPP.

#.#..#.# #...# # .......
#..#.#.######...#####
.......###.###..##...........#
>.......†)o.#@#..........<.)))
....?..#####{#####.........).#
......$ #.# #####.).#####
....... #.# #...# # ..#####
#.# ###...##### # #.#
#.......##. #.# ##.##.##.#.#
..# ####........#.# ###
#........#..#.#


There were no monsters in sight!

Vanquished Creatures
  Grinder (D:3)
  3 adders
  2 worms
  4 dart slugs
  7 orcs
  2 endoplasms
  3 giant cockroaches
  6 goblins
  6 hobgoblins
  2 jackals (D:1)
  7 kobolds
  3 quokkas
  7 ball pythons
  6 bats
  4 frilled lizards
  5 rats
68 creatures vanquished.

Notes
Turn   | Place    | Note
-------+----------+-------------------------------------------
     0 | D:1      | backslashecho the Human Cinder Acolyte began the quest for
                  | the Orb.
     0 | D:1      | Reached XP level 1. HP: 18/18 MP: 2/2
    64 | D:1      | Reached XP level 2. HP: 21/24 MP: 3/3
   222 | D:1      | Reached XP level 3. HP: 29/29 MP: 4/4
   247 | D:1      | Reached skill level 1 in Unarmed Combat
   882 | D:2      | Reached skill level 4 in Axes
   895 | D:2      | Reached XP level 4. HP: 29/35 MP: 5/5
  1272 | D:2      | Found a faded altar of an unknown god.
  1662 | D:3      | Noticed Grinder
  1673 | D:3      | Reached XP level 5. HP: 39/42 MP: 6/6
  1695 | D:3      | Killed Grinder
  1696 | D:3      | Reached skill level 5 in Axes
  1696 | D:3      | Reached XP level 6. HP: 14/49 MP: 7/7
  2129 | D:3      | Slain by an orc wizard

Illustrated notes

Levels and vault maps discovered:
D:1:      dpeg_arrival_simpleton_c, layout_rooms, minmay_indecisive_spiral
D:2:      layout_loops_ring, hellmonk_ecumenical_altar_arch_garden
D:3:      layout_loops_cross, mainiacjoe_overflow_tiny_flanked, serial_bayou,
          serial_bayou_shore_a, serial_bayou_lake_a, serial_bayou_lagoon_a,
          serial_bayou_pond_c, serial_shops, shop, uniq_grinder

Skill      XL: |  1  2  3  4  5 |
---------------+----------------+-----
Unarmed Combat | 1 |  1.0
Axes           | 4 5 |  5.9
Fighting       | 4 |  4.6
Spellcasting   | |  1.0
Fire Magic     | |  3.0

Action                     |  1- 3 |  4- 6 || total
---------------------------+-------+-------++-------
  Melee: Hand axe          |    96 |   133 ||   229
         Punch             |     1 |       ||     1
    Use: Scroll            |       |     4 ||     4
         Potion            |       |     4 ||     4
   Stab: Invisible         |       |     2 ||     2
 Armour: Robe              |    24 |    32 ||    56
  Dodge: Dodged            |    54 |    89 ||   143
